 Dungeon Crawl Stone Soup version 0.16.2-12-gd0ad4c3 (webtiles) character file.

102 pigpen the Sneak (level 4, -3/33 HPs)
             Began as a Vampire Assassin on Oct 15, 2015.
             Slain by a gnoll (5 damage)
             ... on level 3 of the Dungeon on Oct 16, 2015.
             The game lasted 00:30:12 (3239 turns).

pigpen the Sneak (Vampire Assassin)                 Turns: 3239, Time: 00:30:12

Health: -3/33      AC:  6    Str: 10    XL:     4   Next: 50%
Magic:  4/4        EV: 10    Int: 16    God:
Gold:   118        SH:  0    Dex: 16    Spells: 0 memorised, 3 levels left

rFire  x . .     SeeInvis +     a - +2 dagger
rCold  + + .     Clarity  .     r - +0 ring mail (curse)
rNeg   + + .     SustAb   .     (no shield)
rPois  +         Gourm    .     (no helmet)
rElec  .         Spirit   .     d - +0 cloak
rCorr  .         Warding  .     (no gloves)
rMut   .         Stasis   .     (no boots)
MR     .....                    (no amulet)
Stlth  +++.......               x - ring of ice
                                v - +3 ring of intelligence

@: regenerating slowly, not resistant to hostile enchantments, fairly stealthy
A: bottle blood, fangs 3, see invisible, unbreathing
a: Bat Form


You were on level 3 of the Dungeon.
You were thirsty.

You visited 1 branch of the dungeon, and saw 3 of its levels.

You collected 118 gold pieces.

Inventory:

Hand weapons
 a - a +2 dagger (weapon)
 b - a +0 blowgun
 i - a +0 flail
 k - a +0 hunting sling
 n - a +0 short sword
 s - a +0 dagger
 E - a +0 dagger
 F - a +0 dagger
 G - a +0 dagger
Missiles
 e - 23 poisoned needles
 f - 2 curare-tipped needles
 l - 26 stones (quivered)
 t - 6 bolts
 w - 14 arrows of frost
 D - 18 arrows
Armour
 c - a +0 robe
 d - a +0 cloak (worn)
 h - a +0 ring mail
 j - a +2 leather armour of cold resistance
 o - a +0 robe
 p - a +0 robe
 r - a cursed +0 ring mail (worn)
 y - a +0 ring mail
Jewellery
 v - a +3 ring of intelligence (left hand)
 x - a ring of ice (right hand)
Scrolls
 m - 3 scrolls of teleportation {unknown}
 q - 2 scrolls of enchant armour {unknown}
 u - 2 scrolls of identify {unknown}
 z - a scroll of remove curse {unknown}
 A - a scroll of random uselessness {unknown}
 H - a scroll of blinking {unknown}
Potions
 g - 15 potions of blood
 B - a potion of might {unknown}
 C - 2 potions of restore abilities {unknown}


   Skills:
 - Level 1.7 Fighting
 + Level 4.9 Short Blades
 - Level 1.5 Throwing
 - Level 1.3 Dodging
 - Level 6.4 Stealth


You had 3 spell levels left.
You didn't know any spells.

Dungeon Overview and Level Annotations

Branches:
Dungeon (3/15)

Altars:
Trog


Innate Abilities, Weirdness & Mutations

You heal slowly.
You can bottle blood from corpses.
You have razor-sharp teeth.
You have supernaturally acute eyesight.
You can survive without breathing.


Message History

The hobgoblin is almost dead.
The hobgoblin barely misses you. The gnoll barely misses you.
You hit the hobgoblin.
You kill the hobgoblin!
You see here a club.
The gnoll hits you but does no damage. The gnoll hits you.
* * * LOW HITPOINT WARNING * * *
The gnoll hits you.
* * * LOW HITPOINT WARNING * * *
The gnoll barely misses you. The gnoll closely misses you.
Drink which item? (? for menu, Esc to quit)
Okay, then.
The gnoll hits you but does no damage. The gnoll hits you.
* * * LOW HITPOINT WARNING * * *
You see here a club.
The gnoll hits you.
You die...

#......^..# ##... #.........#
##.# #.........# #.# ###
#.........# #.# ...
#.........# ##+# #.####
#.........# ##... #....#
#.........# ##.... #.)..#
#.........###.[.$.
#....###@........##......
.#####....)gg..........'......
..........######....####...?..
#.##.###..# #.......###.....
#####..# #..####.# ##....
#.....# #..# .# ##... #.###.#
#... # ##'# #.###.###.# #.##
#.# #.........# #. #.#


You could see 2 gnolls.

Vanquished Creatures
  A gnoll (D:2)
  2 adders
  2 worms
  5 giant geckos
  An ooze (D:2)
  2 orcs
  8 bats
  3 giant cockroaches
  5 goblins
  9 hobgoblins
  2 jackals (D:1)
  3 kobolds
  A quokka (D:2)
  A ball python (D:2)
  5 giant newts
  5 rats
55 creatures vanquished.

Notes
Turn   | Place    | Note
--------------------------------------------------------------
     0 | D:1      | pigpen, the Vampire Assassin, began the quest for the Orb.
     0 | D:1      | Reached XP level 1. HP: 16/16 MP: 1/1
     6 | D:1      | Reached skill level 6 in Stealth
   246 | D:1      | Reached XP level 2. HP: 20/22 MP: 2/2
  1230 | D:1      | Reached XP level 3. HP: 14/27 MP: 3/3
  2387 | D:2      | Found a bloodstained altar of Trog.
  2511 | D:3      | Reached XP level 4. HP: 29/33 MP: 4/4
  3239 | D:3      | Slain by a gnoll

Action                   |  1- 3 |  4- 6 || total
-------------------------+-------+-------++-------
Melee: Dagger            |   153 |    76 ||   229
 Fire: Blowgun           |    13 |       ||    13
  Use: Potion            |     4 |     5 ||     9
 Stab: Sleeping          |    10 |     2 ||    12
